 Dungeon Crawl Stone Soup version 0.30-a0-782-ge64f9170bb (webtiles) character file.

Game seed: 17946571380423009870

130 NotreDorf the Covered (level 5, 0/49 HPs)
             Began as a Gargoyle Fighter on Feb 18, 2023.
             Slain by an orc
             ... wielding a +0 war axe
              (3 damage)
             ... on level 4 of the Dungeon.
             The game lasted 00:04:26 (1932 turns).

NotreDorf the Covered (Gargoyle Fighter)            Turns: 1932, Time: 00:04:26

Health: 0/49       AC: 11    Str: 22    XL:     5   Next: 13%
Magic:  5/5        EV:  9    Int:  8    God:
Gold:   99         SH:  4    Dex:  9    Spells: 4/4 levels left

rFire   . . .      SeeInvis .    a - +0 flail
rCold   . . .      Faith    .    c - +0 buckler
rNeg    + . .      Spirit   .    b - +0 scale mail
rPois   ∞          Reflect  .    (no helmet)
rElec   +          Harm     .    (no cloak)
rCorr   .          Rampage  .    (no gloves)
Will    .....                    (no boots) Stlth
                                 (no amulet)
HPRegen 0.28/turn                (no ring)
MPRegen 0.09/turn                (no ring)

@: berserking (expiring), very quick
A: sickness immunity, AC +4, negative energy resistance 1, electricity
resistance, torment resistance 1, petrification resistance
a: no special abilities


You were on level 4 of the Dungeon.
You visited 1 branch of the dungeon, and saw 4 of its levels.

You collected 169 gold pieces.
You spent 70 gold pieces at shops.

Inventory:

Hand Weapons
 a - a +0 flail (weapon)
Missiles
 e - a throwing net (quivered)
Armour
 b - a +0 scale mail (worn)
 c - a +0 buckler (worn)
Jewellery
 n - a ring of positive energy
Scrolls
 g - 2 scrolls of fear {unknown}
 j - a scroll of enchant armour {unknown}
 l - a scroll of acquirement {unknown}
 m - 2 scrolls of immolation {unknown}
 o - a scroll of amnesia {unknown}
 p - 4 scrolls of identify {unknown}
 t - a scroll of fog {unknown}
 u - 2 scrolls of poison {unknown}
Potions
 d - 3 potions of might
 f - 2 potions of berserk rage
 h - a potion of cancellation {unknown}
 i - 4 potions of haste {unknown}
 k - a potion of attraction {unknown}
 q - a potion of lignification {unknown}
 r - a potion of magic {unknown}
 s - a potion of mutation {unknown}


   Skills:
 + Level 4.2 Fighting
 + Level 3.1 Maces & Flails
 + Level 4.2 Armour
 + Level 4.1 Shields


You had 4 spell levels left.
You didn't know any spells.
Your spell library was empty.

Dungeon Overview and Level Annotations

Branches:
Dungeon (4/15)
 Temple: D:4-7

Altars:

Shops:
D:2 *


Innate Abilities, Weirdness & Mutations

You are immune to sickness and miasma.
Your stone body is resilient. (AC +4)
You are immune to poison.
You resist negative energy. (rN+)
You are resistant to electric shocks. (rElec)
You are resistant to unholy torment.
You are immune to petrification.


Message History

Beogh smites you! The orc closely misses you.
A red film seems to cover your vision as you go berserk!
You feel yourself moving faster!
You feel mighty! The orc hits you but does no damage.
You sock the orc!
You kill the orc!
You feel a strong urge to attack something.
The orc priest hits you with a +0 whip. The orc hits you but does no damage.
You sock the orc priest!
The orc priest is almost dead.
The orc hits you but does no damage.
The orc priest hits you but does no damage.
The orc hits you but does no damage.
You closely miss the orc priest.
The orc priest is almost dead.
You closely miss the orc priest.
The orc priest is almost dead.
The orc closely misses you.
The orc priest invokes the aid of Beogh against you.
Beogh smites you!
* * * LOW HITPOINT WARNING * * *
You block the orc's attack.
You closely miss the orc priest.
The orc priest is almost dead.
The orc barely misses you.
The orc priest casts a cantrip, but nothing happens.
The orc barely misses you. The orc closely misses you.
You hit the orc priest.
You kill the orc priest!
The orc closely misses you. The orc hits you but does no damage.
The orc hits you with a +0 club.
* * * LOW HITPOINT WARNING * * *
Your Maces & Flails skill increases to level 3!
You have reached level 5!
You closely miss the orc. The orc hits you but does no damage.
The orc closely misses you. x2
You thump the orc!
You kill the orc!
The orc hits you with a +0 war axe.
You die...

.....#.... .................
#.........# ...........!...#
..........#. ..............#
..#....#..... ##...........#
.####.......# #..(.........#
.####.......####.....).......
###.....<#...(#..............
.†.......#.......)..###......
#..............)@....# ......
#........##....)oo......#....
#.........#.............#....
...............####........#.
.#............## #.......##
.##.##........# #..#..#..
..............# #.##..#..
#...#.....#....# ..
#######..##......


You could see 2 orcs.

Vanquished Creatures
  An orc priest (D:4)
  4 adders
  2 worms
  A dart slug (D:1)
  3 orcs (D:4)
  3 ball pythons
  3 endoplasms
  2 giant cockroaches
  6 goblins
  6 hobgoblins
  7 kobolds
  5 quokkas
  6 bats
  A frilled lizard (D:2)
  5 rats
55 creatures vanquished.

Notes
Turn   | Place    | Note
-------+----------+-------------------------------------------
     0 | D:1      | NotreDorf the Gargoyle Fighter began the quest for the Orb.
     0 | D:1      | Reached XP level 1. HP: 14/14 MP: 1/1
   300 | D:1      | Reached XP level 2. HP: 7/19 MP: 2/2
   748 | D:2      | Reached XP level 3. HP: 20/23 MP: 3/3
   799 | D:2      | Found Puugud's General Store.
   802 | D:2      | Bought a potion of berserk rage for 70 gold pieces
  1515 | D:3      | Reached XP level 4. HP: 29/29 MP: 4/4
  1930 | D:4      | HP: 2/43 [orc/+0 club (2)]
  1931 | D:4      | Reached XP level 5. HP: 2/33 MP: 5/5
  1932 | D:4      | Slain by an orc

Illustrated notes

Levels and vault maps discovered:
D:1:      wander_arrival_desolate, layout_loops_ring
D:2:      layout_loops_ring, serial_shops, nicolae_shop_behind_doors
D:3:      layout_rooms
D:4:      layout_cave_pools, trog_butcher_becter, led_sif_pool,
          fedhas_altar_decomposition

Skill      XL: |  1  2  3  4 |
---------------+-------------+-----
Armour         | 4 |  4.2
Shields        | 4 |  4.1
Fighting       | 4 |  4.2
Maces & Flails | 3 |  3.1

Action                     |  1- 3 |  4- 6 || total
---------------------------+-------+-------++-------
  Melee: Flail             |    99 |    68 ||   167
    Use: Potion            |       |     1 ||     1
 Armour: Scale mail        |    52 |    31 ||    83
  Dodge: Dodged            |    44 |    30 ||    74
  Block: Buckler           |    17 |     9 ||    26

Table legend: (Time is in decaauts)
 A = Elapsed time spent in this place.
 B = Non-inter-level travel time spent in this place.
 C = Inter-level travel time spent in this place.
 D = Time resting spent in this place.
 E = Time spent auto-exploring this place.
 F = Levels seen in this place.
 G = Mean time per level.
                   A        B        C        D        E       F      G
               +--------+--------+--------+--------+--------+-----+--------+
         Total |   1979 |   1879 |    100 |     45 |   1420 |   4 |  494.8 |
       Dungeon |   1979 |   1879 |    100 |     45 |   1420 |   4 |  494.8 |
               +--------+--------+--------+--------+--------+-----+--------+

Top non-repeatable levels by time:
     D:1: 725 daAuts
     D:2: 641 daAuts
     D:3: 460 daAuts
     D:4: 151 daAuts
